PBL
NIAGARA FALLS PHANTOMS @ COLUMBUS REDS
05/26/2049
 
TOP OF THE 1ST
Niagara Falls Phantoms batting - Pitching for Columbus Reds : RHP Ivan Alday
Pitching: RHP Ivan Alday
Batting: RHB Alfredo Mendez 0-0: Called Strike
0-1: Fly out, F7 (Line Drive, 7, EV 102.5 MPH)
Batting: RHB Tatsuro Hamasaki 0-0: Ball
1-0: Ball
2-0: Called Strike
2-1: Swinging Strike
2-2: Strikes out swinging
Batting: RHB Peter Frankel 0-0: Ball
1-0: Ball
2-0: Called Strike
2-1: Ball
3-1: Fly out, F7 (Flyball, 78D, EV 94.4 MPH)
Top of the 1st over - 0 runs, 0 hits, 0 errors, 0 left on base; Niagara Falls 0 - Columbus 0
BOTTOM OF THE 1ST
Columbus Reds batting - Pitching for Niagara Falls Phantoms : RHP Joel Blinn
Pitching: RHP Joel Blinn
Batting: RHB Aaron Barraza 0-0: Fly out, F8 (Flyball, 8RM, EV 93.8 MPH)
Batting: RHB Tony Camacho 0-0: Ball
1-0: Foul Ball, location: 2F
1-1: Ball
2-1: Ball
3-1: Ground out 6-3 (Groundball, 6S, EV 88.1 MPH)
Batting: SHB Eddie Crawford 0-0: Foul Ball, location: 2F
0-1: Foul Ball, location: 2F
0-2: Foul Ball, location: 2F
0-2: Foul Ball, location: 2F
0-2: Ball
1-2: Ball
2-2: Foul Ball, location: 2F
2-2: Foul Ball, location: 2F
2-2: Ball
3-2: Fly out, F7 (Flyball, 78M, EV 72.5 MPH)
Bottom of the 1st over - 0 runs, 0 hits, 0 errors, 0 left on base; Niagara Falls 0 - Columbus 0
TOP OF THE 2ND
Niagara Falls Phantoms batting - Pitching for Columbus Reds : RHP Ivan Alday
Batting: RHB Chris Horton 0-0: Ball
1-0: Foul Ball, location: 2F
1-1: Fly out, F9 (Flyball, 9, EV 85.6 MPH)
Batting: SHB Bruce Shelton 0-0: Called Strike
0-1: Foul Ball, location: 2F
0-2: Ball
1-2: Strikes out swinging
Batting: LHB Tim Ellenberger 0-0: Ball
1-0: Called Strike
1-1: Called Strike
1-2: Fly out, F7 (Flyball, 7D, EV 101.2 MPH)
Top of the 2nd over - 0 runs, 0 hits, 0 errors, 0 left on base; Niagara Falls 0 - Columbus 0
BOTTOM OF THE 2ND
Columbus Reds batting - Pitching for Niagara Falls Phantoms : RHP Joel Blinn
Batting: LHB Gabe Morales 0-0: Ball
1-0: Ball
2-0: Swinging Strike
2-1: Swinging Strike
2-2: Ground out 4-3 (Groundball, 4, EV 105.0 MPH)
Batting: RHB Matt Carman 0-0: Ball
1-0: Ball
2-0: SINGLE (Groundball, 5L, EV 91.2 MPH) (infield hit)
Batting: RHB Jorge Velez 0-0: Ball
1-0: Fly out, F8 (Flyball, 8LD, EV 93.8 MPH)
Batting: RHB Nick Partain 0-0: Swinging Strike
0-1: SINGLE (Groundball, 6D, EV 100.0 MPH)
Matt Carman to second
Runner from 2nd tries for 3rd, SAFE, throw by CF made to third
Batting: RHB Cornholdo Schwerin 0-0: Ball
Nick Partain is caught stealing 2nd base 2-4
Bottom of the 2nd over - 0 runs, 2 hits, 0 errors, 1 left on base; Niagara Falls 0 - Columbus 0
TOP OF THE 3RD
Niagara Falls Phantoms batting - Pitching for Columbus Reds : RHP Ivan Alday
Batting: RHB Danny Carrick 0-0: Foul Ball, location: 2F
0-1: Ball
1-1: Foul Ball, location: 2F
1-2: Strikes out swinging
Batting: RHB Randy Joyce 0-0: Ball
1-0: Ball
2-0: Foul Ball, location: 2F
2-1: Fly out, F7 (Flyball, 7D, EV 103.1 MPH)
Batting: RHB Donald DeLisio 0-0: Called Strike
0-1: Swinging Strike
0-2: Ball
1-2: Ball
2-2: SINGLE (Groundball, 56D, EV 105.6 MPH)
Batting: RHB Alfredo Mendez 0-0: Called Strike
0-1: Fly out, F3 (Popup, 34, EV 68.1 MPH)
Top of the 3rd over - 0 runs, 1 hit, 0 errors, 1 left on base; Niagara Falls 0 - Columbus 0
BOTTOM OF THE 3RD
Columbus Reds batting - Pitching for Niagara Falls Phantoms : RHP Joel Blinn
Batting: RHB Cornholdo Schwerin 0-0: Ball
1-0: Called Strike
1-1: Foul Ball, location: 2F
1-2: Ball
2-2: Ball
3-2: Strikes out looking
Batting: SHB Colin Black 0-0: Called Strike
0-1: Ball
1-1: Called Strike
1-2: Ground out 4-3 (Groundball, 4S, EV 73.1 MPH)
Batting: RHB Aaron Barraza 0-0: Ball
1-0: SINGLE (Line Drive, 4MD, EV 95.0 MPH)
Batting: RHB Tony Camacho 0-0: Ball
1-0: SINGLE (Groundball, 5L, EV 101.2 MPH) (infield hit)
Aaron Barraza to second
Batting: SHB Eddie Crawford 0-0: Ball
1-0: Foul Ball, location: 2F
1-1: Ground out U3 (Groundball, 3, EV 104.4 MPH)
Bottom of the 3rd over - 0 runs, 2 hits, 0 errors, 2 left on base; Niagara Falls 0 - Columbus 0
TOP OF THE 4TH
Niagara Falls Phantoms batting - Pitching for Columbus Reds : RHP Ivan Alday
Batting: RHB Tatsuro Hamasaki 0-0: Ball
1-0: Foul Ball, location: 2F
1-1: Foul Ball, location: 2F
1-2: SINGLE (Groundball, 6MD, EV 96.2 MPH)
Batting: RHB Peter Frankel 0-0: Ball
1-0: Ball
2-0: Called Strike
2-1: Ball
3-1: Base on Balls
Tatsuro Hamasaki to second
Batting: RHB Chris Horton 0-0: Swinging Strike
0-1: Called Strike
Tatsuro Hamasaki steals 3rd base
0-2: Ball
1-2: Ball
2-2: Ball
3-2: Foul Ball, location: 2F
3-2: Fly out, F8 (Flyball, 78D, EV 90.0 MPH)
Runner from 3rd tags up, SCORES, no throw by CF
Batting: SHB Bruce Shelton 0-0: Called Strike
0-1: Swinging Strike
0-2: Fly out, F9 (Flyball, 89M, EV 90.0 MPH)
Batting: LHB Tim Ellenberger 0-0: Ball
1-0: Called Strike
Peter Frankel steals 2nd base
1-1: Fly out, F5 (Popup, 5F, EV 68.8 MPH)
Top of the 4th over - 1 run, 1 hit, 0 errors, 1 left on base; Niagara Falls 1 - Columbus 0
BOTTOM OF THE 4TH
Columbus Reds batting - Pitching for Niagara Falls Phantoms : RHP Joel Blinn
Batting: LHB Gabe Morales 0-0: Swinging Strike
0-1: Ball
1-1: Swinging Strike
1-2: Ball
2-2: Strikes out swinging
Batting: RHB Matt Carman 0-0: Ball
1-0: Called Strike
1-1: Foul Ball, location: 2F
1-2: Ball
2-2: Ground out 6-3 (Groundball, 6S, EV 69.4 MPH)
Batting: RHB Jorge Velez 0-0: Ball
1-0: Swinging Strike
1-1: Ball
2-1: Called Strike
2-2: Ground out 5-3 (Groundball, 56, EV 86.9 MPH)
Bottom of the 4th over - 0 runs, 0 hits, 0 errors, 0 left on base; Niagara Falls 1 - Columbus 0
TOP OF THE 5TH
Niagara Falls Phantoms batting - Pitching for Columbus Reds : RHP Ivan Alday
Batting: RHB Danny Carrick 0-0: Foul Ball, location: 2F
0-1: Swinging Strike
0-2: Ball
1-2: Ball
2-2: Foul Ball, location: 2F
2-2: Ball
3-2: Strikes out swinging
Batting: RHB Randy Joyce 0-0: Called Strike
0-1: Foul Ball, location: 2F
0-2: Ball
1-2: Ball
2-2: Strikes out swinging
Batting: RHB Donald DeLisio 0-0: Ball
1-0: Ball
2-0: Foul Ball, location: 2F
2-1: Ball
3-1: Foul Ball, location: 2F
3-2: Foul Ball, location: 2F
3-2: Strikes out looking
Top of the 5th over - 0 runs, 0 hits, 0 errors, 0 left on base; Niagara Falls 1 - Columbus 0
BOTTOM OF THE 5TH
Columbus Reds batting - Pitching for Niagara Falls Phantoms : RHP Joel Blinn
Batting: RHB Nick Partain 0-0: Ball
1-0: Called Strike
1-1: Swinging Strike
1-2: Strikes out swinging
Batting: RHB Cornholdo Schwerin 0-0: Called Strike
0-1: Foul Ball, location: 2F
0-2: Strikes out swinging
Batting: SHB Colin Black 0-0: Ball
1-0: Called Strike
1-1: Swinging Strike
1-2: Strikes out looking
Bottom of the 5th over - 0 runs, 0 hits, 0 errors, 0 left on base; Niagara Falls 1 - Columbus 0
TOP OF THE 6TH
Niagara Falls Phantoms batting - Pitching for Columbus Reds : RHP Ivan Alday
Batting: RHB Alfredo Mendez 0-0: Ball
1-0: Swinging Strike
1-1: Fly out, F3 (Popup, 3S, EV 65.0 MPH)
Batting: RHB Tatsuro Hamasaki 0-0: Ball
1-0: Called Strike
1-1: Swinging Strike
1-2: DOUBLE (Flyball, 78D, EV 100.6 MPH)
Batting: RHB Peter Frankel 0-0: Ball
1-0: Foul Ball, location: 2F
1-1: Ball
Tatsuro Hamasaki steals 3rd base
2-1: Called Strike
2-2: Foul Ball, location: 2F
2-2: Ball
3-2: Foul Ball, location: 2F
3-2: Base on Balls
Batting: RHB Chris Horton 0-0: Foul Ball, location: 2F
0-1: Called Strike
Peter Frankel steals 2nd, throwing error, E2
Tatsuro Hamasaki scores
Peter Frankel to third
0-2: Ball
1-2: Ball
2-2: Foul Ball, location: 2F
2-2: Strikes out swinging
Pitching: RHP Tyler Patel
Batting: SHB Bruce Shelton 0-0: Called Strike
0-1: Ball
1-1: Ball
2-1: Swinging Strike
2-2: Ball
3-2: Foul Ball, location: 2F
3-2: Base on Balls
Batting: LHB Tim Ellenberger 0-0: Ball
1-0: Fly out, F7 (Flyball, 7, EV 85.0 MPH)
Top of the 6th over - 1 run, 1 hit, 1 error, 2 left on base; Niagara Falls 2 - Columbus 0
BOTTOM OF THE 6TH
Columbus Reds batting - Pitching for Niagara Falls Phantoms : RHP Joel Blinn
Batting: RHB Aaron Barraza 0-0: Called Strike
0-1: Ball
1-1: Foul Ball, location: 2F
1-2: Foul Ball, location: 2F
1-2: Foul Ball, location: 2F
1-2: Foul Ball, location: 2F
1-2: SINGLE (Line Drive, 6D, EV 100.0 MPH)
Batting: RHB Tony Camacho 0-0: Swinging Strike
0-1: Ball
1-1: Swinging Strike
1-2: Strikes out swinging
Batting: SHB Eddie Crawford 0-0: Ball
1-0: Called Strike
1-1: Foul Ball, location: 2F
1-2: Ball
2-2: Fly out, F9 (Line Drive, 9LS, EV 96.2 MPH)
Batting: LHB Gabe Morales 0-0: Ball
1-0: Ball
2-0: Ball
3-0: Called Strike
3-1: Base on Balls
Aaron Barraza to second
Batting: RHB Matt Carman 0-0: Foul Ball, location: 2F
0-1: Swinging Strike
0-2: Ball
1-2: Strikes out swinging
Bottom of the 6th over - 0 runs, 1 hit, 0 errors, 2 left on base; Niagara Falls 2 - Columbus 0
TOP OF THE 7TH
Niagara Falls Phantoms batting - Pitching for Columbus Reds : RHP Tyler Patel
Pinch Hitting: RHB Ben Underwood 0-0: Called Strike
0-1: Fly out, F9 (Flyball, 9D, EV 83.1 MPH)
Batting: RHB Randy Joyce 0-0: Foul Ball, location: 2F
0-1: Called Strike
0-2: Strikes out looking
Batting: RHB Todd Wolters 0-0: Ball
1-0: Called Strike
1-1: Ball
2-1: Ball
3-1: Foul Ball, location: 2F
3-2: Strikes out swinging
Top of the 7th over - 0 runs, 0 hits, 0 errors, 0 left on base; Niagara Falls 2 - Columbus 0
BOTTOM OF THE 7TH
Columbus Reds batting - Pitching for Niagara Falls Phantoms : RHP Joel Blinn
Now at 3B: Brian Biordi
Pinch Hitting: LHB Mat Bencivengo 0-0: Foul Ball, location: 2F
0-1: Ball
1-1: Swinging Strike
1-2: Ball
2-2: Ground out U3 (Groundball, 3, EV 85.6 MPH)
Pinch Hitting: LHB Jamel Wilhite 0-0: Ball
1-0: Ball
2-0: Ball
3-0: Called Strike
3-1: Base on Balls
Batting: RHB Alex Ruybalid 0-0: Swinging Strike
0-1: Ball
1-1: Swinging Strike
1-2: Foul Ball, location: 2F
1-2: Ball
2-2: Ball
3-2: Foul Ball, location: 2F
3-2: Strikes out swinging
Batting: SHB Colin Black 0-0: Ball
1-0: Foul Ball, location: 2F
1-1: Swinging Strike
1-2: Ball
2-2: Ball
3-2: Base on Balls
Jamel Wilhite to second
Batting: RHB Aaron Barraza 0-0: Ball
1-0: Ball
2-0: Foul Ball, location: 2F
2-1: Ball
3-1: Foul Ball, location: 2F
3-2: Strikes out swinging
Bottom of the 7th over - 0 runs, 0 hits, 0 errors, 2 left on base; Niagara Falls 2 - Columbus 0
TOP OF THE 8TH
Niagara Falls Phantoms batting - Pitching for Columbus Reds : RHP Tyler Patel
Now at 1B: Mat Bencivengo
Now in RF: Jamel Wilhite
Batting: RHB Alfredo Mendez 0-0: Ball
1-0: Ball
2-0: Fly out, F7 (Flyball, 7D, EV 83.8 MPH)
Batting: RHB Tatsuro Hamasaki 0-0: Foul Ball, location: 2F
0-1: Fly out, F8 (Line Drive, 8RM, EV 94.4 MPH)
Batting: RHB Peter Frankel 0-0: Ball
1-0: Called Strike
1-1: Fly out, F8 (Flyball, 8LD, EV 98.8 MPH)
Top of the 8th over - 0 runs, 0 hits, 0 errors, 0 left on base; Niagara Falls 2 - Columbus 0
BOTTOM OF THE 8TH
Columbus Reds batting - Pitching for Niagara Falls Phantoms : RHP Joel Blinn
Pitching: RHP Jeff Thiem
Batting: RHB Tony Camacho 0-0: Ball
1-0: Ball
2-0: Called Strike
2-1: Called Strike
2-2: TRIPLE (Flyball, 78XD, EV 98.1 MPH)
Batting: SHB Eddie Crawford 0-0: Foul Ball, location: 2F
0-1: Ball
1-1: Ball
2-1: Ball
3-1: Base on Balls
Batting: LHB Gabe Morales 0-0: Ball
1-0: Ball
2-0: Ball
3-0: Called Strike
3-1: Base on Balls
Eddie Crawford to second
Pinch Hitting: SHB Bill Dissette 0-0: Ball
1-0: Ball
2-0: Ball
3-0: Base on Balls
Tony Camacho scores
Eddie Crawford to third
Gabe Morales to second
Batting: LHB Mat Bencivengo 0-0: Ball
1-0: SINGLE (Groundball, 56, EV 103.1 MPH)
Eddie Crawford scores
Gabe Morales to third
Bill Dissette to second
Batting: LHB Jamel Wilhite 0-0: Ball
1-0: Swinging Strike
1-1: Foul Ball, location: 2F
1-2: Ball
2-2: Ball
3-2: SINGLE (Line Drive, 89M, EV 90.6 MPH)
Gabe Morales scores
Bill Dissette to third
Mat Bencivengo to second
Batting: RHB Alex Ruybalid 0-0: Ball
1-0: GRAND SLAM HOME RUN (Flyball, 78XD, EV 111.9 MPH), Distance : 432 ft
Pitching: RHP Russ Rasmussen
Batting: SHB Colin Black 0-0: Foul Ball, location: 2F
0-1: Ball
1-1: Foul Ball, location: 2F
1-2: Foul Ball, location: 2F
1-2: Ball
2-2: SINGLE (Line Drive, 6D, EV 108.1 MPH)
Batting: RHB Aaron Barraza 0-0: Called Strike
0-1: Ball
1-1: Ball
2-1: Foul Ball, location: 2F
2-2: Fly out, F8 (Flyball, 78M, EV 85.6 MPH)
Batting: RHB Tony Camacho 0-0: Ball
1-0: Grounds into double play, 5-4-3 (Groundball, 15, EV 85.0 MPH)
Bottom of the 8th over - 7 runs, 5 hits, 0 errors, 0 left on base; Niagara Falls 2 - Columbus 7
TOP OF THE 9TH
Niagara Falls Phantoms batting - Pitching for Columbus Reds : RHP Tyler Patel
Now at 2B: Bill Dissette
Batting: RHB Chris Horton 0-0: Foul Ball, location: 2F
0-1: Ground out 6-3 (Groundball, 6S, EV 82.5 MPH)
Pinch Hitting: LHB Luis Ponce 0-0: Ball
1-0: Swinging Strike
1-1: Foul Ball, location: 2F
1-2: Ball
2-2: Foul Ball, location: 2F
2-2: Fly out, F8 (Flyball, 8LM, EV 90.6 MPH)
Pinch Hitting: RHB Ryan Book 0-0: Ball
1-0: Foul Ball, location: 2F
1-1: Ball
2-1: Ground out 6-3 (Groundball, 6, EV 107.5 MPH)
Top of the 9th over - 0 runs, 0 hits, 0 errors, 0 left on base; Niagara Falls 2 - Columbus 7
Sunday, July 16th , 2023 - OOTP Baseball 24.6 Build 69